 Dungeon Crawl Stone Soup version 0.25.1-1-g288607f5aa (webtiles) character file.

Game seed: 6112843194964030512

502 KleinerIrrer the Stinger (level 7, 0/58 (61) HPs)
             Began as a Naga Venom Mage on July 20, 2020.
             Slain by a necrophage (5 damage)
             ... on level 7 of the Dungeon.
             The game lasted 00:15:24 (4457 turns).

KleinerIrrer the Stinger (Naga Venom Mage)          Turns: 4457, Time: 00:15:25

HP:   0/58 (61)     AC:  3    Str: 10    XL:     7   Next: 17%
MP:   7/13          EV: 10    Int: 17    God:
Gold: 79            SH:  0    Dex: 12    Spells: 1/14 levels left

rFire    . . .     SeeInvis +   g - +3 dagger
rCold    . . .     Gourm    .   (no shield)
rNeg     . . .     Faith    .   a - +0 robe
rPois    +         Spirit   .   (no helmet)
rElec    .         Reflect  .   (no cloak)
rCorr    .         Harm     .   (no gloves)
MR       .....                  (no barding)
Stlth    ++........             (no amulet)
HPRegen  0.00/turn              (no ring)
MPRegen  0.13/turn              (no ring)

@: very slightly contaminated, non-regenerating, diseased, very slow
A: large, see invisible, deformed body, poison resistance, slowness 2, slow
metabolism 1, spit poison 1, AC +2
a: Spit Poison


You were on level 7 of the Dungeon.
You were near starving.

You visited 1 branch of the dungeon, and saw 5 of its levels.

You collected 150 gold pieces.
You spent 71 gold pieces at shops.

Inventory:

Hand Weapons
 g - a +3 dagger (weapon)
 l - a +0 hunting sling
Missiles
 m - 68 sling bullets
Armour
 a - a +0 robe (worn)
Jewellery
 b - an uncursed amulet of reflection
Wands
 f - a wand of disintegration (9)
Scrolls
 e - a scroll of magic mapping {unknown}
 h - a scroll of fog
 j - a scroll of fear
 k - a scroll of remove curse
 n - a scroll of amnesia
 q - 2 scrolls of teleportation
Potions
 c - a potion of brilliance
 d - a potion of curing
 i - a potion of haste
 o - a potion of might {unknown}
 p - a potion of stabbing
 s - a potion of heal wounds
Comestibles
 r - 4 rations


   Skills:
 + Level 2.7 Fighting
 - Level 1.6 Dodging
 + Level 3.9 Stealth
 + Level 4.1 Spellcasting
 * Level 0.3 Conjurations
 - Level 1.0 Transmutations
 * Level 0.3 Fire Magic
 - Level 2.0 Air Magic
 + Level 6.9 Poison Magic


You had one spell level left.
You knew the following spells:

 Your Spells              Type           Power        Failure   Level  Hunger
a - Sting                 Tmut/Pois      ###.         3%          1    None
b - Poisonous Vapours     Pois/Air       ###...       3%          2    ##.....
c - Olgreb's Toxic Radia  Pois           ####....     9%          4    ####...
d - Mephitic Cloud        Conj/Pois/Air  ##......     13%         3    ###....
e - Ignite Poison         Fire/Tmut/Pois ##......     16%         3    ###....

Your spell library contained the following spells:

 Spells                   Type           Power        Failure   Level  Hunger


Dungeon Overview and Level Annotations

Branches:
Dungeon (4/15)
 Temple: D:4-7

Altars:
Ashenzari
Fedhas
Ru
Trog
Uskayaw
Vehumet

Shops:
D:4 ?(

Annotations:
D:4 2 transporters


Innate Abilities, Weirdness & Mutations

You cannot wear boots.
Your serpentine skin is tough. (AC +2)
You have supernaturally acute eyesight. (SInv)
Armour fits poorly on your strangely shaped body.
Your system is resistant to poisons. (rPois)
You cover ground very slowly.
You have a slow metabolism.
You can spit poison.


Message History

The necrophage is heavily damaged.
The necrophage misses you.
The crimson imp laughs crazily.
Unknown command.
You hit the necrophage but do no damage.
The necrophage is heavily damaged.
The necrophage barely misses you.
Unknown command.
You hit the necrophage.
The necrophage is severely damaged.
The crimson imp barely misses you. The necrophage closely misses you.
Unknown command.
You hit the necrophage.
The necrophage is severely damaged.
The crimson imp blinks!
The necrophage misses you.
Unknown command.
You closely miss the necrophage.
The necrophage is severely damaged.
The necrophage hits you.
You die...

.......
##.....## #.
###.......###.#
..#.......#..
###.$.......#
...#........#
#.........#
#.....ยง.#####
.###.5..@..'..%#
........n###.#%#
.........#
.........#
#...###.## #...
#.# ... #.# .
#.# >.#


You could see a necrophage and a crimson imp.

Vanquished Creatures
  A hungry ghost (D:2)
  A howler monkey (D:4)
  An iguana (D:4)
  5 orc wizards (D:4)
  A worker ant (D:7)
  A hound skeleton (D:4)
  7 adders
  A leopard gecko (D:3)
  7 orcs (D:4)
  A ball python (D:1)
  4 bats
  5 giant cockroaches
  7 goblins
  4 hobgoblins
  8 jackals
  6 kobolds
  3 quokkas
  7 frilled lizards
  6 rats
76 creatures vanquished.

Notes
Turn   | Place    | Note
-------+----------+-------------------------------------------
     0 | D:1      | KleinerIrrer the Naga Venom Mage began the quest for the
                  | Orb.
     0 | D:1      | Reached XP level 1. HP: 15/15 MP: 3/3
   559 | D:1      | Reached XP level 2. HP: 22/22 MP: 0/5
   668 | D:1      | Learned a level 2 spell: Poisonous Vapours
   887 | D:1      | Found a shattered altar of Ashenzari.
  1116 | D:2      | Reached XP level 3. HP: 28/28 MP: 0/6
  1243 | D:2      | Reached skill level 5 in Poison Magic
  1742 | D:2      | Found a radiant altar of Vehumet.
  1835 | D:2      | Found a blossoming altar of Fedhas.
  1866 | D:2      | Reached skill level 1 in Air Magic
  1866 | D:2      | Reached XP level 4. HP: 35/37 MP: 2/7
  1872 | D:2      | Learned a level 4 spell: Olgreb's Toxic Radiance
  2222 | D:3      | Noticed a hungry ghost
  2275 | D:2      | Killed a hungry ghost
  2275 | D:2      | Reached skill level 1 in Fighting
  2275 | D:2      | Reached XP level 5. HP: 7/44 MP: 7/10
  2639 | D:3      | Found a bloodstained altar of Trog.
  2826 | D:3      | Reached skill level 6 in Poison Magic
  2907 | D:3      | Reached XP level 6. HP: 41/51 MP: 11/11
  3064 | D:3      | You fall into a shaft and drop 1 floor!
  3088 | D:4      | Found Geiqihas's Weapon Shop.
  3126 | D:4      | Found a hide-covered altar of Uskayaw.
  3167 | D:4      | Found a transporter.
  3197 | D:4      | Learned a level 3 spell: Mephitic Cloud
  3591 | D:4      | Found a transporter.
  3677 | D:4      | Found Citzagim's Magic Scroll Boutique.
  3853 | D:4      | Reached XP level 7. HP: 9/61 MP: 3/13
  3863 | D:4      | Bought a scroll of fear for 38 gold pieces
  3864 | D:4      | Bought a scroll of teleportation for 33 gold pieces
  4116 | D:4      | Learned a level 3 spell: Ignite Poison
  4186 | D:4      | Found a sacrificial altar of Ru.
  4427 | D:4      | You fall into a shaft and drop 3 floors!
  4441 | D:7      | Noticed a spriggan baker
  4457 | D:7      | Slain by a necrophage

Illustrated notes

Levels and vault maps discovered:
D:1:      lightli_arrival_boilingwater, layout_rooms,
          nicolae_ashenzari_panopticon
D:2:      layout_rooms, nicolae_overflow_crystal_walls, old_standard_altar,
          kennysheep_generic_room_11
D:3:      layout_rooms, old_standard_altar, chequers_temple_overflow_minitemple,
          minmay_circle_x
D:4:      gammafunk_steamed_eel, layout_loops_ring, old_standard_altar,
          nicolae_ru_great_annihilating_truth, serial_shops,
          kennysheep_little_box, shop
D:7:      layout_loops_ring, serial_shops, shop_coins, the_bakery

Skill      XL: |  1  2  3  4  5  6 |
---------------+-------------------+-----
Poison Magic   | 5 6 |  6.9
Air Magic      | 1 2 |  2.0
Fighting       | 1 2 |  2.7
Spellcasting   | 3 4 |  4.1
Dodging        | |  1.6
Stealth        | |  3.9
Conjurations   | |  0.3
Transmutations | |  1.0
Fire Magic     | |  0.3

Action                   |  1- 3 |  4- 6 |  7- 9 || total
-------------------------+-------+-------+-------++-------
Melee: Dagger            |    51 |   147 |    28 ||   226
       Unarmed           |     2 |       |       ||     2
 Fire: Hunting sling     |       |    12 |       ||    12
 Cast: Sting             |    19 |     3 |     2 ||    24
       Poisonous Vapours |    21 |    29 |     6 ||    56
       Mephitic Cloud    |       |       |     2 ||     2
Evoke: Wand              |       |     1 |       ||     1
  Use: Potion            |       |     6 |       ||     6
       Scroll            |       |     2 |     5 ||     7
 Stab: Sleeping          |     1 |     1 |     1 ||     3
       Confused          |       |       |     3 ||     3
  Eat: Chunk             |     3 |    11 |       ||    14
       Ration            |       |     3 |       ||     3
Armor: Robe              |    17 |    35 |     2 ||    54
Dodge: Dodged            |    48 |    82 |    28 ||   158
